 Dungeon Crawl Stone Soup version 0.19.0-9-gfd783f2 (webtiles) character file.

511 dobroeutro the Archer (level 6, -5/48 HPs)
             Began as a Centaur Hunter on Nov 7, 2016.
             Slain by a mummy (16 damage)
             ... in an ossuary.
             The game lasted 00:05:14 (2732 turns).

dobroeutro the Archer (Centaur Hunter)              Turns: 2732, Time: 00:05:15

Health: -5/48      AC:  8    Str: 21    XL:     6   Next: 99%
Magic:  6/6        EV:  9    Int: 10    God:
Gold:   164        SH:  0    Dex: 10    Spells: 0 memorised, 5 levels left

rFire  . . .     SeeInvis .     v - +2 dagger (venom)
rCold  . . .     Gourm    .     y - +2 leather armour {MR+}
rNeg   . . .     Faith    .     (no shield)
rPois  +         Spirit   .     l - +2 hat
rElec  .         Reflect  .     (no cloak)
rCorr  .         Harm     .     (no gloves)
MR     +....                    (no barding)
Stlth  ++........               (no amulet)
                                t - ring of stealth
                                e - ring of poison resistance

@: mighty, very quick
A: hooves 3, deformed body, speed 2, tough skin 3
a: no special abilities


You were in an ossuary.
You were not hungry.

You visited 1 branch of the dungeon, and saw 4 of its levels.
You also visited: Ossuary.

You collected 164 gold pieces.

Inventory:

Hand Weapons
 a - a +1 shortbow
 v - a +2 dagger of venom (weapon)
Armour
 l - a +2 hat (worn)
 y - a +2 leather armour of magic resistance (worn)
Jewellery
 e - a ring of poison resistance (left hand)
 t - a ring of stealth (right hand)
Wands
 x - a wand of iceblast (2/15)
Scrolls
 n - a scroll of remove curse
Potions
 g - a potion of lignification {unknown}
 h - 2 potions of curing {unknown}
 j - a potion of berserk rage {unknown}
 p - a potion of might
 q - a potion of degeneration {unknown}
 s - a potion of brilliance {unknown}
Comestibles
 f - a bread ration
 m - 2 meat rations
 o - a fruit
 w - a beef jerky


   Skills:
 - Level 2.0 Fighting
 + Level 10.8 Bows
 - Level 1.3 Dodging
 - Level 0.4 Stealth


You had 5 spell levels left.
You didn't know any spells.

Dungeon Overview and Level Annotations

Branches:
Dungeon (4/15)
 Temple: D:4-7

Altars:


Innate Abilities, Weirdness & Mutations

You have hooves in place of feet.
Armour fits poorly on your strangely shaped body.
You cover ground very quickly.
You have extremely tough skin. (AC +3)


Message History

Your +2 dagger of venom begins to drip with poison!
v - a +2 dagger of venom (weapon)
The mummy misses you.
You hit the mummy. You kick the mummy.
The mummy is lightly damaged.
The mummy hits you!
You hit the mummy but do no damage. You kick the mummy, but do no damage.
The mummy is lightly damaged.
The mummy hits you!
You hit the mummy.
The mummy is moderately damaged.
The mummy hits you.
You hit the mummy. Your kick misses the mummy.
The mummy is moderately damaged.
The mummy hits you but does no damage. The mummy hits you!
* * * LOW HITPOINT WARNING * * *
It was a potion of might.
You feel very mighty all of a sudden. The mummy hits you!
You die...

..(...#
#....#
#(.(.#
#....#
#(...#
#((..#
#.(..#
#MM..#
#@...#
#.∩∩.#
######


You could see 2 mummies.

Vanquished Creatures
  Purgy (D:3)
  A gnoll sergeant (D:3)
  A scorpion (D:3)
  Terence (D:3)
  An orc wizard (D:4)
  2 worker ants (D:4)
  2 mummies (Ossuary)
  4 gnolls (D:3)
  5 adders
  An ooze (D:3)
  4 worms
  3 dart slugs
  A leopard gecko (D:4)
  6 orcs
  3 bats
  A giant cockroach (D:1)
  6 hobgoblins
  3 jackals (D:1)
  3 quokkas
  2 ball pythons (D:3)
  5 frilled lizards
  11 goblins
  3 hobgoblin zombies (Ossuary)
  8 kobolds
  3 kobold zombies (Ossuary)
  An orc zombie (Ossuary)
  7 rats
89 creatures vanquished.

Notes
Turn   | Place    | Note
-------+----------+-------------------------------------------
     0 | D:1      | dobroeutro the Centaur Hunter began the quest for the Orb.
     0 | D:1      | Reached XP level 1. HP: 17/17 MP: 1/1
   140 | D:1      | Reached XP level 2. HP: 19/24 MP: 2/2
   202 | D:1      | Reached skill level 6 in Bows
   580 | D:2      | Reached XP level 3. HP: 20/29 MP: 3/3
   641 | D:2      | Reached skill level 7 in Bows
  1102 | D:3      | Noticed Terence
  1112 | D:3      | Killed Terence
  1112 | D:3      | Reached XP level 4. HP: 29/36 MP: 4/4
  1173 | D:3      | Noticed a gnoll sergeant
  1180 | D:3      | Killed a gnoll sergeant
  1180 | D:3      | Reached skill level 8 in Bows
  1180 | D:3      | Reached XP level 5. HP: 37/41 MP: 5/5
  1211 | D:3      | Reached skill level 9 in Bows
  1574 | D:3      | Noticed Purgy
  1658 | D:3      | Killed Purgy
  1658 | D:3      | Reached XP level 6. HP: 31/48 MP: 6/6
  2005 | D:3      | Reached skill level 10 in Bows
  2623 | D:4      | Found a sand-covered staircase.
  2636 | Ossuary  | Entered an ossuary
  2732 | Ossuary  | Slain by a mummy

Skill      XL: |  1  2  3  4  5  6 |
---------------+-------------------+-----
Bows           | 6 7 8 9 10 | 10.8
Fighting       | |  2.0
Dodging        | |  1.3
Stealth        | |  0.4

Action                   |  1- 3 |  4- 6 || total
-------------------------+-------+-------++-------
Melee: Short sword       |    96 |       ||    96
       Kick              |    24 |    33 ||    57
       Dagger            |    26 |   106 ||   132
 Fire: Shortbow          |    24 |    89 ||   113
  Use: Scroll            |       |     6 ||     6
       Potion            |       |     1 ||     1
 Stab: Sleeping          |     1 |     3 ||     4
  Eat: Chunk             |       |     4 ||     4
Armor: Leather armour    |    42 |    63 ||   105
Dodge: Dodged            |    59 |    51 ||   110
